 Dungeon Sprint DCSS version 0.21-a0-507-ga8f6b7a (webtiles) character file.

136397 esteth the Impregnable (level 16, -8/196 HPs)
             Began as a Deep Dwarf Fighter on Nov 27, 2017.
             Was the Champion of Qazlal.
             Mangled by a pearl dragon (10 damage)
             ... in the Dungeon (Sprint V: "Ziggurat Sprint").
             The game lasted 00:15:04 (1329 turns).

esteth the Impregnable (Deep Dwarf Fighter)         Turns: 1329, Time: 00:15:05

Health: -8/196     AC: 43    Str: 30    XL:     16   Next: 66%
Magic:  6/18       EV: 18    Int: 18    God:    Qazlal [******]
Gold:   0          SH:  8    Dex: 14    Spells: 15/15 levels left

rFire    + . .     SeeInvis .   I - +9 executioner's axe (chop)
rCold    . . .     Gourm    .   (shield currently unavailable)
rNeg     + . .     Faith    .   J - +15 Maxwell's patent armour {-Cast -Tele rElec MR+ rCorr}
rPois    .         Spirit   .   (no helmet)
rElec    +         Reflect  .   (no cloak)
rCorr    +         Harm     .   P - +1 pair of gloves {archery}
MR       ++++.     NoTele   +   (no boots) Stlth ..........NoCast +
                                M - amulet "Teiran" {+Rage Int+8}
HPRegen  0.00/turn              C - +6 ring of strength
MPRegen  0.16/turn              N - ring of Tish {rF+ MR+ Slay+5 Stlth-}

@: protected from physical damage, non-regenerating, hasted, glowing, repel
missiles, very quick
A: damage resistance, heal wounds, negative energy resistance 1, sense
surroundings 2, no regeneration
a: Heal Wounds, Upheaval, Elemental Force, Disaster Area, Renounce Religion,
Evoke Berserk Rage


You were in the Dungeon.
You worshipped Qazlal.
Qazlal was exalted by your worship.
You were near starving.

You visited 1 branch

Inventory:

Hand Weapons
 a - a +0 war axe
 H - a +5 battleaxe
 I - a +9 executioner's axe of chopping (weapon)
 T - the +12 glaive of Prune {chop}
   (You found it in the Dungeon)

   It inflicts extra damage upon your enemies.
Armour
 b - a +0 scale mail
 c - a +5 crystal plate armour
 J - the +15 Maxwell's patent armour (worn) {-Cast -Tele rElec MR+ rCorr}
   (You found it in the Dungeon)

   It insulates you from electricity.
   It affects your resistance to hostile enchantments.
   It prevents spellcasting.
   It prevents most forms of teleportation.
   It protects you from acid and corrosion.
 P - a +1 pair of gloves of archery (worn)
Jewellery
 y - the ring of the Demon Prince {rElec rPois rF+ Dex+3}
   (You found it in the Dungeon)

   [ring of protection from fire]

   It affects your dexterity (+3).
   It protects you from fire.
   It insulates you from electricity.
   It protects you from poison.
 z - an uncursed ring of magical power
 B - a ring of the Octopus King {AC+1 EV+1 Str+1 Int+1 Dex+1 SInv}
   (You found it in the Dungeon)

   [ring of see invisible]

   It affects your AC (+1).
   It affects your evasion (+1).
   It affects your strength (+1).
   It affects your intelligence (+1).
   It affects your dexterity (+1).
   It lets you see invisible.
 C - a +6 ring of strength (left hand)
 K - the ring of Ramacin {Int+2 Dex+2 Stlth-}
   (You found it in the Dungeon)

   [ring of loudness]

   It affects your intelligence (+2).
   It affects your dexterity (+2).
   It makes you less stealthy.
 M - the amulet "Teiran" (around neck) {+Rage Int+8}
   (You found it in the Dungeon)

   [amulet of rage]

   It affects your intelligence (+8).
   It lets you go berserk.
 N - the ring of Tish (right hand) {rF+ MR+ Slay+5 Stlth-}
   (You found it in the Dungeon)

   [ring of protection from magic]

   It affects your accuracy and damage with ranged weapons and melee attacks
   (+5).
   It protects you from fire.
   It affects your resistance to hostile enchantments.
   It makes you less stealthy.
 O - the ring of Amelioration {rElec rF+ MR+ Dex-5 Stlth+}
   (You found it in the Dungeon)

   [ring of stealth]

   It affects your dexterity (-5).
   It protects you from fire.
   It insulates you from electricity.
   It affects your resistance to hostile enchantments.
   It makes you more stealthy.
 Q - the ring "Vazaf" {MP+9 Dex+6 SInv Stlth-}
   (You found it in the Dungeon)

   [ring of magical power]

   It affects your dexterity (+6).
   It affects your magic capacity (+9).
   It lets you see invisible.
   It makes you less stealthy.
 R - the ring of the Komodo Dragon {*Corrode rF+ Str+2 SInv}
   (You found it in the Dungeon)

   [ring of see invisible]

   It affects your strength (+2).
   It protects you from fire.
   It lets you see invisible.
   It may corrode you when you take damage.
 S - the ring "Pickin" {rC+ rN+ Stlth+}
   (You found it in the Dungeon)

   [ring of stealth]

   It protects you from cold.
   It protects you from negative energy.
   It makes you more stealthy.
 U - a +4 ring of protection
 V - the ring "Goiluvad" {rPois rF- Str+2 Int+2}
   (You found it in the Dungeon)

   [ring of poison resistance]

   It affects your strength (+2).
   It affects your intelligence (+2).
   It makes you vulnerable to fire.
   It protects you from poison.
 W - the ring "Wosoun Ves" {rF+ Str+3 Int+2 Dex+4}
   (You took it off a red devil in the Dungeon)

   [ring of protection from fire]

   It affects your strength (+3).
   It affects your intelligence (+2).
   It affects your dexterity (+4).
   It protects you from fire.
 X - an uncursed ring of wizardry
 Y - the amulet of the Four Winds {rN+ MR+++ Clar}
   (You found it in the Dungeon)

   [amulet of nothing]

   It protects you from negative energy.
   It affects your resistance to hostile enchantments.
   It protects you against confusion.
 Z - the ring "Achikk" {rElec rC+ MP+9 Str-4}
   (You found it in the Dungeon)

   [ring of magical power]

   It affects your strength (-4).
   It protects you from cold.
   It insulates you from electricity.
   It affects your magic capacity (+9).
Wands
 E - a wand of disintegration (7)
 F - a wand of iceblast (7)
 G - a wand of acid (7)
Scrolls
 k - 4 scrolls of blinking
 q - 4 scrolls of amnesia
 r - 7 scrolls of fog
 s - a scroll of holy word
 t - 5 scrolls of identify
 u - 5 scrolls of remove curse
 v - 2 scrolls of fear
 A - a scroll of acquirement
Potions
 d - 7 potions of might
 e - 10 potions of curing
 g - 9 potions of heal wounds
 h - 5 potions of haste
 i - 7 potions of magic
 j - 3 potions of berserk rage
 l - 2 potions of brilliance
 m - 2 potions of invisibility
 n - 4 potions of resistance
 o - a potion of experience
 p - 5 potions of agility
Comestibles
 f - 5 bread rations
 w - 42 fruits
 x - 4 meat rations


   Skills:
 + Level 26.0 Fighting
 - Level 26.1 Axes
 - Level 26.9 Armour
 + Level 15.2 Dodging
   Level 3.2 Shields
 - Level 18.7 Invocations
 - Level 10.8 Evocations


You had 15 spell levels left.
You didn't know any spells.

Dungeon Overview and Level Annotations

Branches:
Dungeon (1/1)

Altars:
Ashenzari
Cheibriados
Dithmenos
Elyvilon
Fedhas
Gozag
Hepliaklqana
Kikubaaqudgha
Makhleb
Nemelex Xobeh
Okawaru
Qazlal
Ru
Sif Muna
Trog
Uskayaw
Vehumet
Wu Jian
Xom
Yredelemnul
Zin
The Shining One
Beogh
Jiyva
Lugonu


Innate Abilities, Weirdness & Mutations

You are resistant to damage.
You can heal yourself by infusing magical energy.
You resist negative energy. (rN+)
You passively map the area around you.
You do not regenerate.


Message History

The apis gores you but does no damage.
The angel hits you but does no damage. x2
The cherub sings praise to the Shining One, in four-part harmony.
The pearl dragon closely misses you.
The pearl dragon claws you but does no damage.
The apis gores you but does no damage.
The daeva is engulfed in freezing vapours.
You kill the daeva!
Qazlal accepts your kill.
Your Dodging skill increases to level 15!
You block the pearl dragon's attack. The pearl dragon misses you.
You feel yourself speed up.
The ophan no longer looks unusually strong.
The angel hits you but does no damage. You block the angel's attack.
The daeva calls down the wrath of the Shining One upon you.
The Shining One smites you!
* * * LOW HITPOINT WARNING * * *
You block the angel's attack. x2; The apis gores you.
The ophan calls forth blessed flames!
The pearl dragon bites you!
You die...

, ,▓▓▓▓▓▓▓▓
..||.|="}}≈.).. ▓≈.≈≈..8
..[)|[)}:}:)[.. ▓..}|≈[≈
,.....))...≈....
▓..≈=}≈[
,...≈.).........
▓.≈...≈: *
....)§†A....... ▓≈≈≈≈..≈
,.....§AYGA≈....
▓.≈.≈≈.≈ ......YDY§.....
▓≈≈...≈≈
,.....GD@A§.....
▓.≈≈≈.≈.
,.≈....AA§§.....
▓≈.≈≈..≈
,..≈..§.(.§.....
▓..≈≈..≈ ..▓.........▓..
▓....≈.≈ . ▓▓.......▓▓
.,▓.≈.▓≈.)
..▓.....≈...▓..,▓≈≈.≈))=
............... ▓..≈≈.((
,.......©.......
▓≈≈≈≈≈.. ▓▓▓▓▓▓▓▓▓▓▓▓▓▓▓
▓▓▓▓▓▓▓▓


You could see 3 apis, a daeva, 2 pearl dragons, 3 angels, 2 ophanim and a
cherub.

Vanquished Creatures
  5 pearl dragons (D)
  An iron giant (D)
  2 acid blobs (D)
  5 titans (D)
  A kraken (D)
  A draconian monk (D)
  2 daevas (D)
  4 frost giants (D)
  A deep elf sorcerer (D)
  A draconian scorcher (D)
  7 fire giants (D)
  2 draconian stormcallers (D)
  A very ugly thing (D)
  2 angels (D)
  2 reapers (D)
  An entropy weaver (D)
  7 stone giants (D)
  4 ophanim (D)
  2 apis (D)
  4 black draconians (D)
  4 green draconians (D)
  4 yellow draconians (D)
  3 white draconians (D)
  3 red draconians (D)
  4 ettins (D)
  4 merfolk javelineers (D)
  6 merfolk impalers (D)
  A merfolk avatar (D)
  3 merfolk aquamancers (D)
  5 two-headed ogres (D)
  2 anacondas (shapeshifter) (D)
  A dancing weapon (D)
  An iron golem (D)
  A deep elf knight (D)
  A fire crab (shapeshifter) (D)
  4 cherubim (D)
  5 skeletal warriors (D)
  A sea snake (D)
  A spriggan druid (D)
  A harpy (D)
  A mana viper (shapeshifter) (D)
  2 lindwurms (shapeshifter) (D)
  2 wolf spiders (D)
  2 orb spiders (D)
  3 shining eyes (D)
  A wolf spider (shapeshifter) (D)
  2 deep elf magi (D)
  A cyclops (shapeshifter) (D)
  An ugly thing (D)
  A slime creature (D)
  3 manticores (D)
  8 cyclopes (D)
  2 rust devils (D)
  A black mamba (D)
  A rime drake (D)
  A yaktaur (shapeshifter) (D)
  A spiny frog (D)
  An ice devil (D)
  A hellion (D)
  2 komodo dragons (D)
  2 demonic crawlers (D)
  3 red devils (D)
  7 merfolk (D)
  2 trolls (D)
  A tyrant leech (shapeshifter) (D)
  2 jumping spiders (D)
  2 hornets (D)
  3 hippogriffs (D)
  A snapping turtle (D)
  A water elemental (D)
  3 redbacks (D)
  4 shadows (D)
  A tarantella (shapeshifter) (D)
  5 tarantellas (D)
  2 fire elementals (D)
  3 wraiths (D)
  2 spriggans (D)
  2 golden eyes (D)
  A hog (shapeshifter) (D)
  A neqoxec (D)
  A water moccasin (D)
  A floating eye (D)
  A hell hound (D)
  2 porcupines (D)
  A black bear (D)
  An eye of draining (shapeshifter) (D)
  A necrophage (D)
  An ogre (D)
  A centaur (D)
  4 wolves (D)
  A crocodile (D)
  A bullfrog (D)
  An earth elemental (D)
  2 scorpions (D)
  3 wights (D)
  5 jellies (D)
  8 orc priests (D)
  4 iron imps (D)
  A mummy (D)
  3 oozes (D)
  3 adder skeletons (D)
  4 adder zombies (D)
  5 orcs (D)
  2 bat zombies (D)
  3 giant cockroach zombies (D)
  A jackal skeleton (D)
  A leopard gecko zombie (D)
  A quokka zombie (D)
  5 tentacles (D)
263 creatures vanquished.

Vanquished Creatures (others)
  3 bat skeletons (D)
  4 tentacles (D)
7 creatures vanquished.

Grand Total: 270 creatures vanquished

Notes
Turn   | Place    | Note
-------+----------+-------------------------------------------
     0 | D        | Found the +6 Majin-Bo {vamp, Archmagi MP+6 Int+6}
     0 | D        | Found the +7 great mace "Firestarter" {inner flame, rF++}
     0 | D        | esteth the Deep Dwarf Fighter began the quest for the Orb.
     0 | D        | Reached XP level 1. HP: 20/20 MP: 1/1
     0 | D        | Found a blossoming altar of Fedhas.
     1 | D        | Found a deep blue altar of Sif Muna.
     1 | D        | Found a sacrificial altar of Ru.
     1 | D        | Found a bloodstained altar of Trog.
     1 | D        | Found a stormy altar of Qazlal.
     1 | D        | Found an iron altar of Okawaru.
     1 | D        | Found a sparkling altar of Nemelex Xobeh.
     3 | D        | Found a transporter.
     3 | D        | Found an ancient bone altar of Kikubaaqudgha.
     3 | D        | Found a viscous altar of Jiyva.
     3 | D        | Found a corrupted altar of Lugonu.
     3 | D        | Found a hazy altar of Hepliaklqana.
     3 | D        | Found a burning altar of Makhleb.
     3 | D        | Found an opulent altar of Gozag.
    21 | D        | Became a worshipper of Qazlal Stormbringer
    70 | D        | Found the +9 heavy crossbow "Sniper" {velocity, Acc+∞ SInv}
    70 | D        | Found the +10 dark maul {crush}
    70 | D        | Found the +15 Maxwell's patent armour {-Cast -Tele rElec MR+ rCorr}
    70 | D        | Found the +18 shield of the Gong {rElec rN+ MR+ EV-5}
    70 | D        | Found the cursed +14 obsidian axe {chop, +Fly SInv *Curse}
    82 | D        | Found the +6 shillelagh "Devastator" {shatter}
    82 | D        | Found the +11 plutonium sword {*Contam Stlth-}
    82 | D        | Found the +8 lance "Wyrmbane" {slay drac, rPois rF+ rC+ AC+3}
    82 | D        | Found the +9 sword of Zonguldrok {reap}
    82 | D        | Found the cursed +13 scythe of Curses {drain, *Curse}
    82 | D        | Found the +0 sword of Power
    82 | D        | Found the +14 mace of Variability {chaos}
    82 | D        | Found the +7 Singing Sword
    82 | D        | Found the +7 longbow "Piercer" {penet, EV-2}
    88 | D        | Entered arena 2.
    88 | D        | Noticed an orc priest
    88 | D        | Noticed an orc priest
    88 | D        | Found a transporter.
    90 | D        | Killed an orc priest
    90 | D        | Reached skill level 5 in Armour
    90 | D        | Reached XP level 2. HP: 30/30 MP: 2/2
    90 | D        | Reached XP level 3. HP: 36/36 MP: 3/3
    91 | D        | Reached skill level 5 in Axes
    95 | D        | Got the ring of Ramacin {Int+2 Dex+2 Stlth-}
    99 | D        | Entered arena 3.
    99 | D        | Noticed a two-headed ogre
    99 | D        | Noticed a troll
    99 | D        | Noticed an ogre
    99 | D        | Found a transporter.
   105 | D        | Killed an ogre
   105 | D        | Reached * piety under Qazlal
   105 | D        | Reached XP level 4. HP: 28/48 MP: 4/4
   105 | D        | Reached XP level 5. HP: 32/55 MP: 5/5
   107 | D        | Killed a two-headed ogre
   107 | D        | Reached skill level 10 in Axes
   107 | D        | Reached XP level 6. HP: 19/69 MP: 6/6
   107 | D        | Reached XP level 7. HP: 21/76 MP: 7/7
   107 | D        | Killed a troll
   115 | D        | Entered arena 4.
   115 | D        | Found a transporter.
   117 | D        | Reached ** piety under Qazlal
   118 | D        | Reached XP level 8. HP: 86/86 MP: 7/7
   128 | D        | Got the amulet "Teiran" {+Rage Int+8}
   132 | D        | Entered arena 5.
   132 | D        | Found a transporter.
   134 | D        | Reached *** piety under Qazlal
   135 | D        | Reached skill level 1 in Invocations
   135 | D        | Reached skill level 1 in Evocations
   144 | D        | Entered arena 6.
   144 | D        | Found a transporter.
   147 | D        | Reached **** piety under Qazlal
   150 | D        | Reached skill level 10 in Fighting
   155 | D        | Got the ring of Tish {rF+ MR+ Slay+5 Stlth-}
   161 | D        | Got the ring of Amelioration {rElec rF+ MR+ Dex-5 Stlth+}
   164 | D        | Entered arena 7.
   165 | D        | Found a transporter.
   170 | D        | Reached ***** piety under Qazlal
   188 | D        | Entered arena 8.
   188 | D        | Noticed a jumping spider
   189 | D        | Found a transporter.
   192 | D        | Reached skill level 5 in Invocations
   192 | D        | Reached skill level 5 in Evocations
   195 | D        | Reached ****** piety under Qazlal
   198 | D        | Killed a jumping spider
   198 | D        | Gained mutation: You passively map the area around you. [Deep Dwarf growth]
   198 | D        | Reached XP level 9. HP: 74/93 MP: 9/13
   224 | D        | Entered arena 9.
   224 | D        | Noticed a merfolk
   224 | D        | Noticed a merfolk
   224 | D        | Noticed a merfolk
   224 | D        | Noticed a merfolk
   225 | D        | Found a transporter.
   235 | D        | Killed a merfolk
   240 | D        | Killed a merfolk
   240 | D        | Reached skill level 10 in Invocations
   240 | D        | Reached skill level 10 in Evocations
   241 | D        | Killed a merfolk
   245 | D        | Killed a merfolk
   251 | D        | Got the ring of the Komodo Dragon {*Corrode rF+ Str+2 SInv}
   254 | D        | Got the ring "Pickin" {rC+ rN+ Stlth+}
   301 | D        | Entered arena 10.
   301 | D        | Noticed a spriggan druid
   302 | D        | Found a transporter.
   308 | D        | Killed a spriggan druid
   308 | D        | Reached XP level 10. HP: 105/105 MP: 17/17
   309 | D        | Reached skill level 15 in Axes
   327 | D        | Entered arena 11.
   327 | D        | Noticed an orb spider
   327 | D        | Noticed a deep elf sorcerer
   327 | D        | Noticed a deep elf mage
   327 | D        | Noticed a deep elf mage
   327 | D        | Noticed a deep elf knight
   327 | D        | Noticed a mace of protection
   328 | D        | Found a transporter.
   332 | D        | Killed a mace of protection
   342 | D        | Killed a deep elf sorcerer
   342 | D        | Killed a deep elf knight
   343 | D        | Killed a deep elf mage
   343 | D        | Reached XP level 11. HP: 111/111 MP: 18/18
   345 | D        | Killed a deep elf mage
   350 | D        | Killed an orb spider
   360 | D        | Entered arena 12.
   361 | D        | Found the +12 glaive of Prune {chop}
   380 | D        | Found a transporter.
   396 | D        | Entered arena 13.
   396 | D        | Noticed a two-headed ogre
   396 | D        | Noticed a stone giant
   397 | D        | Noticed a frost giant
   397 | D        | Noticed a two-headed ogre
   397 | D        | Noticed a two-headed ogre
   397 | D        | Noticed a two-headed ogre
   398 | D        | Found a transporter.
   400 | D        | Killed a two-headed ogre
   400 | D        | Killed a two-headed ogre
   400 | D        | Killed a two-headed ogre
   401 | D        | Killed a two-headed ogre
   403 | D        | Killed a stone giant
   403 | D        | Reached XP level 12. HP: 81/120 MP: 11/19
   404 | D        | Killed a frost giant
   446 | D        | Entered arena 14.
   447 | D        | Noticed an acid blob
   449 | D        | Noticed an acid blob
   457 | D        | Killed an acid blob
   458 | D        | Killed an acid blob
   475 | D        | Found a transporter.
   487 | D        | Got the ring "Goiluvad" {rPois rF- Str+2 Int+2}
   489 | D        | Entered arena 15.
   491 | D        | Noticed a reaper
   492 | D        | Found the amulet of the Four Winds {rN+ MR+++ Clar}
   492 | D        | Found a transporter.
   493 | D        | Killed a reaper
   497 | D        | Got the ring "Wosoun Ves" {rF+ Str+3 Int+2 Dex+4}
   531 | D        | Entered arena 16.
   532 | D        | Noticed a reaper
   532 | D        | Noticed an iron giant
   549 | D        | Killed a reaper
   549 | D        | Reached XP level 13. HP: 94/133 MP: 12/20
   554 | D        | Killed an iron giant
   554 | D        | Reached skill level 15 in Invocations
   590 | D        | Found a transporter.
   638 | D        | Entered arena 17.
   641 | D        | Noticed an entropy weaver
   642 | D        | Found the +8 trident of the Octopus King {venom, rElec rPois MR+}
   645 | D        | Killed an entropy weaver
   648 | D        | Reached skill level 15 in Armour
   651 | D        | Found a transporter.
   686 | D        | Entered arena 18.
   691 | D        | Noticed a purple very ugly thing
   698 | D        | Noticed an ettin
   698 | D        | a tyrant leech changed into an ettin
   699 | D        | Noticed a fire dragon
   699 | D        | an ettin changed into a fire dragon
   702 | D        | Killed a purple very ugly thing
   703 | D        | Reached skill level 15 in Fighting
   704 | D        | Noticed an azure jelly
   704 | D        | a fire dragon changed into an azure jelly
   706 | D        | Noticed a storm dragon
   706 | D        | an azure jelly changed into a storm dragon
   713 | D        | Noticed an entropy weaver
   713 | D        | a storm dragon changed into an entropy weaver
   715 | D        | an entropy weaver changed into an alligator
   719 | D        | Found a transporter.
   732 | D        | Got the ring "Vazaf" {MP+9 Dex+6 SInv Stlth-}
   786 | D        | Entered arena 19.
   808 | D        | Found the +4 dagger "Morg" {pain, MR+ Int+5}
   818 | D        | Found the ring of the Octopus King {AC+1 EV+1 Str+1 Int+1 Dex+1 SInv}
   838 | D        | Found a transporter.
   845 | D        | Got a ring of the Octopus King {AC+1 EV+1 Str+1 Int+1 Dex+1 SInv}
   861 | D        | Entered arena 20.
   865 | D        | Noticed a black draconian
   865 | D        | Noticed a white draconian
   865 | D        | Noticed a yellow draconian
   865 | D        | Noticed a black draconian
   865 | D        | Noticed a white draconian
   865 | D        | Noticed a white draconian
   865 | D        | Noticed a black draconian monk
   865 | D        | Noticed a green draconian stormcaller
   866 | D        | Noticed a yellow draconian
   866 | D        | Noticed a black draconian
   866 | D        | Noticed a black draconian
   866 | D        | Noticed a red draconian
   866 | D        | Noticed a yellow draconian
   866 | D        | Noticed a red draconian
   866 | D        | Noticed a purple draconian stormcaller
   866 | D        | Noticed a green draconian
   866 | D        | Noticed a red draconian
   866 | D        | Noticed a green draconian
   867 | D        | Noticed a green draconian scorcher
   867 | D        | Noticed a green draconian
   867 | D        | Noticed a yellow draconian
   867 | D        | Noticed a green draconian
   868 | D        | Found a transporter.
   870 | D        | Killed a green draconian
   870 | D        | Killed a green draconian
   870 | D        | Gained mutation: You resist negative energy. (rN+) [Deep Dwarf growth]
   870 | D        | Reached XP level 14. HP: 137/150 MP: 21/21
   871 | D        | Killed a green draconian scorcher
   874 | D        | Killed a purple draconian stormcaller
   874 | D        | Killed a black draconian monk
   876 | D        | Killed a green draconian stormcaller
  1004 | D        | Entered arena 21.
  1038 | D        | Reached XP level 15. HP: 106/169 MP: 22/22
  1151 | D        | Noticed a kraken
  1152 | D        | Found a transporter.
  1170 | D        | Killed a kraken
  1192 | D        | Entered arena 22.
  1195 | D        | Noticed a frost giant
  1196 | D        | Noticed a fire giant
  1196 | D        | Noticed a fire giant
  1196 | D        | Noticed a fire giant
  1196 | D        | Noticed a titan
  1196 | D        | Noticed a fire giant
  1196 | D        | Noticed a titan
  1197 | D        | Noticed a fire giant
  1197 | D        | Noticed a frost giant
  1197 | D        | Noticed a fire giant
  1197 | D        | Noticed a fire giant
  1197 | D        | Noticed a titan
  1197 | D        | Noticed a titan
  1198 | D        | Found the +6 arbalest "Damnation" {damnation}
  1198 | D        | Noticed a titan
  1199 | D        | Noticed a frost giant
  1204 | D        | Killed a frost giant
  1204 | D        | Killed a frost giant
  1204 | D        | Killed a fire giant
  1204 | D        | Killed a titan
  1204 | D        | Killed a titan
  1205 | D        | Killed a fire giant
  1205 | D        | Killed a titan
  1205 | D        | Killed a fire giant
  1205 | D        | Killed a fire giant
  1206 | D        | Killed a frost giant
  1207 | D        | Killed a fire giant
  1208 | D        | Killed a fire giant
  1209 | D        | Killed a titan
  1209 | D        | Killed a titan
  1210 | D        | Reached XP level 16. HP: 122/189 MP: 2/20
  1213 | D        | Found the +3 pair of gauntlets of War {Slay+5}
  1228 | D        | Found a transporter.
  1266 | D        | Got the ring "Achikk" {rElec rC+ MP+9 Str-4}
  1286 | D        | Got the ring of the Demon Prince {rElec rPois rF+ Dex+3}
  1304 | D        | Entered arena 23.
  1309 | D        | Noticed a pearl dragon
  1309 | D        | Noticed a pearl dragon
  1310 | D        | Noticed a pearl dragon
  1310 | D        | Noticed a pearl dragon
  1311 | D        | Noticed a pearl dragon
  1311 | D        | Noticed a pearl dragon
  1311 | D        | Noticed a pearl dragon
  1316 | D        | Killed a pearl dragon
  1317 | D        | Reached skill level 5 in Dodging
  1317 | D        | Reached skill level 10 in Dodging
  1318 | D        | Killed a pearl dragon
  1323 | D        | Killed a pearl dragon
  1324 | D        | Killed a pearl dragon
  1325 | D        | Killed a pearl dragon
  1328 | D        | Reached skill level 15 in Dodging
  1329 | D        | HP: 2/196 [daeva/divine providence (9)]
  1329 | D        | Mangled by a pearl dragon

Vault maps used:
D:        sprint_v

Skill      XL: |  1  2  3  4  5  6  7  8  9 10 11 12 13 14 15 16 |
---------------+-------------------------------------------------+-----
Fighting       | 4 6 9 10 11 13 16 20 23 26 | 26.0
Axes           | 4 6 10 11 12 14 20 24 26 | 26.1
Armour         | 5 7 11 13 17 22 26 | 26.9
Invocations    | 7 10 14 18 | 18.7
Evocations     | 7 10 | 10.8
Dodging        | 15 | 15.2
Shields        | |  3.2

Action                   |  1- 3 |  4- 6 |  7- 9 | 10-12 | 13-15 | 16-18 || total
-------------------------+-------+-------+-------+-------+-------+-------++-------
Melee: Battleaxe         |     6 |     2 |    48 |    38 |       |       ||    94
       Executioner's axe |       |       |       |    35 |   118 |    10 ||   163
Invok: Upheaval          |       |       |     2 |       |     8 |       ||    10
       Disaster Area     |       |       |       |     3 |     7 |     2 ||    12
 Abil: Heal Wounds       |       |       |     6 |    10 |    16 |     4 ||    36
       Evoke Berserk Rag |       |       |       |     1 |     2 |       ||     3
  Use: Scroll            |       |       |       |       |     5 |     1 ||     6
       Potion            |       |       |       |       |       |     5 ||     5
  Eat: Chunk             |       |       |       |       |     3 |       ||     3
Armor: Plate armour      |    13 |     8 |    54 |    51 |   147 |    54 ||   327
Dodge: Dodged            |    14 |     5 |    31 |    13 |    70 |    29 ||   162
       Deflected         |       |       |     2 |     2 |     7 |       ||    11
Block: Other             |       |       |    16 |    27 |    69 |    18 ||   130

Table legend:
 A = Spawn XP
 B = Non-spawn XP
 C = Spawn XP percentage of total XP
 D = Spawn monster count
 E = Non-spawn monster count
 F = Spawn count percentage of total count
 G = Total turns spent on level
                    A         B        C        D         E        F      G
               +---------+---------+-------+---------+---------+-------+---------
         Total |       0 |  194854 |   0.0 |       0 |     258 |   0.0 |  1329
               +---------+---------+-------+---------+---------+-------+---------
             D |       0 |  194854 |   0.0 |       0 |     258 |   0.0 |  1329
               +---------+---------+-------+---------+---------+-------+---------
